 Dungeon Crawl Stone Soup version 0.31-a0-1308-ga3cce3a448 (webtiles) character file.

Game seed: 10673715804370755986

58 grandjackal the Ducker (level 3, -1/30 HPs)
             Began as a Draconian Gladiator on Dec 19, 2023.
             Slain by Terence
             ... wielding a +0 mace
              (5 damage)
             ... on level 2 of the Dungeon.
             The game lasted 00:01:37 (913 turns).

grandjackal the Ducker (Draconian Gladiator)         Turns: 913, Time: 00:01:37

Health: -1/30      AC:  7    Str: 16    XL:     3   Next: 75%
Magic:  3/3        EV: 13    Int:  8    God:
Gold:   79         SH:  0    Dex: 14    Spells: 2/2 levels left

rFire   . . .        e - +0 quick blade
rCold   . . .        (no shield)
rNeg    . . .        (body armour unavailable)
rPois   .            b - +0 hat
rElec   .            i - +0 cloak
rCorr   .            l - +0 pair of gloves
SInv    .            (no boots)
Will    .....        (no amulet)
Stlth   ++           (no ring)
HPRegen 0.25/turn    (no ring)
MPRegen 0.08/turn

%: no passive effects
@: no status effects
A: AC +5, unfitting armour, cold-blooded
a: no special abilities


You were on level 2 of the Dungeon.
You visited 1 branch of the dungeon, and saw 2 of its levels.

You collected 79 gold pieces.

Inventory:

Hand Weapons
 a - a +0 long sword
 e - a +0 quick blade (weapon)
Missiles
 c - a throwing net (quivered)
 d - a javelin
Armour
 b - a +0 hat (worn)
 i - a +0 cloak (worn)
 l - a +0 pair of gloves (worn)
Jewellery
 f - a ring of willpower
Potions
 h - a potion of brilliance {unknown}
 j - a potion of resistance {unknown}
 k - a potion of degeneration {unknown}


   Skills:
 + Level 2.9 Fighting
 + Level 1.5(2.5) Short Blades
 - Level 3.0(3.2) Long Blades
 - Level 2.0 Throwing
 - Level 3.1 Dodging
 + Level 1.1 Stealth


You had 2 spell levels left.
You didn't know any spells.
Your spell library was empty.

Dungeon Overview and Level Annotations

Branches:
Dungeon (2/15)

Altars:

Annotations:
D:2 Terence


Innate Abilities, Weirdness & Mutations

Your plain brown scales are hard. (AC +5)
You cannot fit into any form of body armour.
You are cold-blooded and may be slowed by cold attacks.


Message History

You hit Terence but do no damage. x2
Terence is heavily wounded.
Terence barely misses you.
You completely miss Terence. You barely miss Terence.
Terence is heavily wounded.
Terence hits you with a +0 mace.
You closely miss Terence.
You tail-slap Terence, but do no damage.
You hit Terence.
Terence is severely wounded.
Terence hits you with a +0 mace.
You closely miss Terence. You hit Terence but do no damage.
Terence is severely wounded.
Terence hits you but does no damage.
You hit Terence. x2
Terence is almost dead.
Terence closely misses you.
You closely miss Terence.
You tail-slap Terence, but do no damage.
You hit Terence but do no damage.
Terence is almost dead.
Terence closely misses you. Terence hits you with a +0 mace.
* * * LOW HITPOINT WARNING * * *
You hit Terence but do no damage. x2
Terence is almost dead.
Terence hits you with a +0 mace.
* * * LOW HITPOINT WARNING * * *
You hit Terence but do no damage. x2
You tail-slap Terence, but do no damage.
Terence is almost dead.
Terence hits you with a +0 mace.
* * * LOW HITPOINT WARNING * * *
Throw: 2 throwing nets
Press: ? - help, Q - select action, (/) - cycle Shift-Dir - straight line, f/p - Terence
Aim: Terence, wielding a +0 mace and wearing a +0 scale mail (almost dead, 61% to hit)
You throw a throwing net.
The throwing net closely misses Terence.
Terence hits you with a +0 mace.
You die...
Terence says, "Rest in peace."

#### #... ####
#######.## #(.
.......... #@#
#####...##
######@######### #...#
......(.....†...###...##
#######.#######.........
#.# ###.###.## #.# #.#
#.# #.# #.# #.# #^# #.#
#.# #.. #.# #.## ## #.#
#...


You could see Terence.

Vanquished Creatures
  An adder (D:2)
  5 orcs (D:2)
  A ball python (D:1)
  2 bats
  4 endoplasms
  4 giant cockroaches (D:1)
  2 goblins (D:1)
  3 hobgoblins
  2 jackals (D:1)
  3 quokkas (D:1)
  4 kobolds
  8 rats
39 creatures vanquished.

Notes
Turn   | Place    | Note
-------+----------+-------------------------------------------
     0 | D:1      | grandjackal the Draconian Gladiator began the quest for the
                  | Orb.
     0 | D:1      | Reached XP level 1. HP: 17/17 MP: 1/1
   131 | D:1      | Reached XP level 2. HP: 20/25 MP: 2/2
   385 | D:1      | Found a faded altar of an unknown god.
   399 | D:1      | Reached skill level 1 in Short Blades
   505 | D:1      | Reached XP level 3. HP: 30/30 MP: 3/3
   769 | D:2      | Reached skill level 1 in Stealth
   882 | D:2      | Noticed Terence
   913 | D:2      | Slain by Terence

Illustrated notes

Levels and vault maps discovered:
D:1:      onia_arrival_mini_maze_b, layout_basic, ebering_ecumenical_altar_webs
D:2:      layout_loops_ring, uniq_terence

Skill      XL: |  1  2  3 |
---------------+----------+-----
Throwing       | 2 |  2.0
Short Blades   | 1 |  1.5
Dodging        | 3 |  3.1
Stealth        | 1 |  1.1
Fighting       | |  2.9
Long Blades    | |  3.0

Action                     || total
---------------------------++-------
  Melee: Quick blade       ||   224
         Tailslap          ||    37
         Punch             ||     1
  Throw: Throwing net      ||     2
    Use: Scroll            ||     2
   Stab: Sleeping          ||     2
         Held in net/web   ||     1
 Armour: Skin              ||    61
  Dodge: Dodged            ||    61

Table legend: (Time is in decaauts)
 A = Elapsed time spent in this place.
 B = Non-inter-level travel time spent in this place.
 C = Inter-level travel time spent in this place.
 D = Time resting spent in this place.
 E = Time spent auto-exploring this place.
 F = Levels seen in this place.
 G = Mean time per level.
                   A        B        C        D        E       F      G
               +--------+--------+--------+--------+--------+-----+--------+
         Total |    923 |    894 |     29 |     47 |    540 |   2 |  461.5 |
       Dungeon |    923 |    894 |     29 |     47 |    540 |   2 |  461.5 |
               +--------+--------+--------+--------+--------+-----+--------+

Top non-repeatable levels by time:
     D:1: 681 daAuts
     D:2: 241 daAuts
